 Dungeon Crawl Stone Soup version 0.29-a0-1052-g6990b1bffc (webtiles) character file.

Game seed: 12065239725673132736

179 vineage the Shield-Bearer (level 5, -2/34 HPs)
             Began as a Gargoyle Fighter on Aug 17, 2022.
             Engulfed by a steam dragon's steam (5 damage)
             ... on level 4 of the Dungeon.
             The game lasted 00:02:16 (3107 turns).

vineage the Shield-Bearer (Gargoyle Fighter)        Turns: 3107, Time: 00:02:17

Health: -2/34      AC: 11    Str: 22      XL:     5   Next: 59%
Magic:  5/5        EV:  9    Int:  6 (8)  God:
Gold:   120        SH:  5    Dex:  9      Spells: 4/4 levels left

rFire   . . .      SeeInvis .   a - +0 flail
rCold   . . .      Faith    .   c - +1 buckler
rNeg    + . .      Spirit   .   b - +0 scale mail
rPois   ∞          Reflect  .   (no helmet)
rElec   +          Harm     .   (no cloak)
rCorr   .          Rampage  .   (no gloves)
Will    .....                   (no boots)
Stlth   ..........              (no amulet)
HPRegen 0.11/turn               (no ring)
MPRegen 0.09/turn               (no ring)

@: no status effects
A: sickness immunity, AC +4, negative energy resistance 1, electricity
resistance, torment resistance 1, petrification resistance
a: no special abilities


You were on level 4 of the Dungeon.
You visited 1 branch of the dungeon, and saw 4 of its levels.

You collected 120 gold pieces.

Inventory:

Hand Weapons
 a - a +0 flail (weapon)
Armour
 b - a +0 scale mail (worn)
 c - a +1 buckler (worn)
Scrolls
 d - a scroll of enchant armour
 f - 3 scrolls of teleportation
 g - a scroll of vulnerability {unknown}
 k - 2 scrolls of poison {unknown}
Potions
 e - a potion of brilliance {unknown}
 h - a potion of magic {unknown}
 i - a potion of berserk rage {unknown}
 j - 2 potions of haste
 l - a potion of attraction {unknown}


   Skills:
 + Level 4.3 Fighting
 + Level 3.2 Maces & Flails
 + Level 4.4 Armour
 + Level 4.4 Shields


You had 4 spell levels left.
You didn't know any spells.
Your spell library was empty.

Dungeon Overview and Level Annotations

Branches:
Dungeon (4/15)
 Temple: D:4-7

Altars:
Nemelex Xobeh


Innate Abilities, Weirdness & Mutations

You are immune to sickness and miasma.
Your stone body is resilient. (AC +4)
You are immune to poison.
You resist negative energy. (rN+)
You are resistant to electric shocks. (rElec)
You are resistant to unholy torment.
You are immune to petrification.


Message History

The adder is severely wounded.
The adder bites you but does no damage. x2
You barely miss the adder.
The adder is severely wounded.
The adder bites you but does no damage. You block the adder's attack.
You hit the adder.
You kill the adder!
No target in view!
No target in view!
No target in view!
You climb downwards.
There is a stone staircase leading up here.
You climb upwards.
There is a stone staircase leading down here.
You climb downwards.
There is a stone staircase leading up here.
You hit the steam dragon.
The steam dragon is lightly wounded.
The steam dragon breathes steam at you. The ball of steam hits you!
You hear a shout! x2
You thump the steam dragon!
The steam dragon is moderately wounded.
You are engulfed in a cloud of scalding steam.
You block the steam dragon's attack.
The steam dragon claws you but does no damage.
You closely miss the steam dragon.
The steam dragon is moderately wounded.
You are engulfed in a cloud of scalding steam.
The steam dragon barely misses you.
The steam dragon claws you but does no damage.
The steam dragon misses you. The steam dragon barely misses you.
The steam dragon breathes steam at you. The ball of steam hits you!
* * * LOW HITPOINT WARNING * * *
You hear a shout! x2
You hit the steam dragon but do no damage.
The steam dragon is moderately wounded.
You are engulfed in a cloud of scalding steam.
You die...

.# #.###
######.#..
#....#.#.#
#....#.#.#
#....#.#.#
#....#.#.###
#......#...#.###
####.#.@........
#.§...S...#
......### ......
..$.. ..D.. ..##


You could see a steam dragon (catching breath).

Vanquished Creatures
  An orc priest (D:3)
  Terence (D:3)
  3 adders (D:3)
  3 gnolls (D:2)
  A dart slug (D:3)
  5 orcs (D:3)
  6 ball pythons
  4 bats
  6 endoplasms
  5 giant cockroaches
  3 goblins
  2 hobgoblins
  7 kobolds
  2 quokkas (D:2)
  2 frilled lizards (D:1)
  9 rats
60 creatures vanquished.

Notes
Turn   | Place    | Note
-------+----------+-------------------------------------------
     0 | D:1      | vineage the Gargoyle Fighter began the quest for the Orb.
     0 | D:1      | Reached XP level 1. HP: 14/14 MP: 1/1
   138 | D:1      | Reached XP level 2. HP: 19/19 MP: 2/2
   341 | D:1      | Found a faded altar of an unknown god.
   681 | D:1      | Reached XP level 3. HP: 17/23 MP: 3/3
  1165 | D:2      | Reached XP level 4. HP: 6/29 MP: 4/4
  2226 | D:3      | Reached XP level 5. HP: 14/33 MP: 5/5
  2399 | D:3      | Found a sparkling altar of Nemelex Xobeh.
  2664 | D:3      | Noticed Terence
  2678 | D:3      | Killed Terence
  3083 | D:4      | Noticed a steam dragon
  3107 | D:4      | Engulfed by a steam dragon's steam

Illustrated notes

Levels and vault maps discovered:
D:1:      minmay_arrival_five_plusses, layout_loops_ring,
          ebering_ecumenical_altar_abandoned
D:2:      layout_loops_ring, grunt_ministairs_11
D:3:      layout_loops_ring, nemelex_xobeh_ov_fountains_minmay, uniq_terence
D:4:      layout_basic, lemuel_coloured_pillars_altar,
          grunt_temple_overflow_open, mainiacjoe_overflow_concentric_impassable,
          minmay_snake_closets, uniq_grinder

Skill      XL: |  1  2  3  4  5 |
---------------+----------------+-----
Shields        | 4 |  4.4
Armour         | 4 |  4.4
Fighting       | 4 |  4.3
Maces & Flails | 3 |  3.2

Action                   |  1- 3 |  4- 6 || total
-------------------------+-------+-------++-------
Melee: Flail             |    77 |   147 ||   224
  Use: Potion            |     3 |     1 ||     4
       Scroll            |       |     3 ||     3
Armor: Scale mail        |    41 |    76 ||   117
Dodge: Dodged            |    23 |    81 ||   104
Block: Buckler           |     9 |    30 ||    39

Table legend: (Time is in decaauts)
 A = Elapsed time spent in this place.
 B = Non-inter-level travel time spent in this place.
 C = Inter-level travel time spent in this place.
 D = Time resting spent in this place.
 E = Time spent auto-exploring this place.
 F = Levels seen in this place.
 G = Mean time per level.
                   A        B        C        D        E       F      G
               +--------+--------+--------+--------+--------+-----+--------+
         Total |   3159 |   3038 |    121 |     29 |   2519 |   4 |  789.8 |
       Dungeon |   3159 |   3038 |    121 |     29 |   2519 |   4 |  789.8 |
               +--------+--------+--------+--------+--------+-----+--------+

Top non-repeatable levels by time:
     D:1: 1126 daAuts
     D:2: 1010 daAuts
     D:3: 1001 daAuts
     D:4: 20 daAuts
